 Dungeon Crawl Stone Soup version 0.28-a0-1412-gf95308ed99 (webtiles) character file.

Game seed: 16972695499935461897

51 brennanasaurus the Skirmisher (level 3, -5/33 HPs)
             Began as a Draconian Berserker on Jan 7, 2022.
             Was a Follower of Trog.
             Killed from afar by Ijyb (22 damage)
             ... with a bolt of acid
             ... on level 3 of the Dungeon.
             The game lasted 00:06:04 (2170 turns).

brennanasaurus the Skirmisher (Draconian Berserker) Turns: 2170, Time: 00:06:05

Health: -5/33      AC:  5    Str: 19    XL:     3   Next: 58%
Magic:  3/3        EV: 12    Int:  7    God:    Trog [*.....]
Gold:   79         SH:  0    Dex: 12    Spells: 2/2 levels left

rFire   . . .      SeeInvis .   a - +0 mace
rCold   . . .      Faith    .   (no shield)
rNeg    . . .      Spirit   .   (armour unavailable)
rPois   .          Reflect  .   (helmet restricted)
rElec   .          Harm     .   (no cloak)
rCorr   .          Rampage  .   (no gloves)
Will    .....                   (no boots)
Stlth   +.........              (no amulet)
HPRegen 0.11/turn               (no ring)
MPRegen 0.08/turn               (no ring)

@: no status effects
A: AC +5, unfitting armour, cold-blooded
a: Renounce Religion, Berserk


You were on level 3 of the Dungeon.
You worshipped Trog.
Trog was aware of your devotion.
You visited 1 branch of the dungeon, and saw 3 of its levels.

You collected 79 gold pieces.

Inventory:

Hand Weapons
 a - a +0 mace (weapon)
Missiles
 f - a throwing net (quivered)
Armour
 d - an orb of guile
 g - a +0 chain mail
Scrolls
 b - a scroll of identify
 h - a scroll of brand weapon {unknown}
Potions
 c - a potion of flight {unknown}
 e - 2 potions of curing
 i - a potion of heal wounds


   Skills:
 * Level 3.9 Fighting
 * Level 3.9 Maces & Flails
 + Level 3.0 Dodging


You had 2 spell levels left.
You didn't know any spells.
Your spell library was empty.

Dungeon Overview and Level Annotations

Branches:
Dungeon (3/15)

Altars:
Zin

Annotations:
D:3 Ijyb


Innate Abilities, Weirdness & Mutations

Your plain brown scales are hard. (AC +5)
You cannot fit into any form of body armour.
You are cold-blooded and may be slowed by cold attacks.


Message History

You hit the adder but do no damage.
The adder is severely wounded.
The adder bites you but does no damage.
You closely miss the adder.
The adder is severely wounded.
The adder bites you but does no damage.
Ijyb screams, "Level is mine!
All mine!"
The adder closely misses you.
You completely miss the adder.
The adder is severely wounded.
The adder bites you.
You miss the adder.
The adder is severely wounded.
The adder bites you but does no damage. The adder closely misses you.
You miss the adder.
The adder is severely wounded.
The adder barely misses you.
You miss the adder.
The adder is severely wounded.
The adder barely misses you. The adder bites you.
You barely miss the adder. You tail-slap the adder.
The adder is almost dead.
The adder closely misses you.
You hit the adder.
You kill the adder!
Trog accepts your kill. The rat closely misses you.
You closely miss the rat.
Your tail-slap misses the rat.
The rat barely misses you.
You hit the rat.
You kill the rat!
Trog accepts your kill.
You closely miss Ijyb.
Your tail-slap misses Ijyb.
Ijyb closely misses you. Ijyb misses you.
You miss Ijyb.
Your tail-slap misses Ijyb.
Ijyb hits you with a +0 dagger.
You closely miss Ijyb. Ijyb misses you.
You barely miss Ijyb.
Your tail-slap misses Ijyb.
Ijyb zaps a wand.
The bolt of acid hits you!!
Ouch! That really hurt!
You die...

.§§§§≈≈≈.#.....#
≈..§§≈..§###.#.#
≈.§§§.≈.≈###†#.#
≈.≈._.≈.≈#.....#
§§≈...≈.≈###...#
§.§§§§..≈# #.#.##
§§≈§≈≈§§.# #.#..#
.§§§.§.§.# #.#..##
#########..#.#..@#
# ..#.#.#g#
.#.#.#.. #.##.#
#.# .. ... ... #.
.... ##.#


You could see Ijyb.

Vanquished Creatures
  2 adders
  A worm (D:2)
  3 endoplasms
  2 giant cockroaches (D:2)
  2 goblins (D:2)
  3 hobgoblins
  2 quokkas (D:2)
  5 bats
  3 frilled lizards
  4 kobolds
  4 rats
  A toadstool (D:1)
32 creatures vanquished.

Vanquished Creatures (others)
  3 toadstools (D:1)
3 creatures vanquished.

Grand Total: 35 creatures vanquished

Notes
Turn   | Place    | Note
-------+----------+-------------------------------------------
     0 | D:1      | brennanasaurus the Draconian Berserker began the quest for
                  | the Orb.
     0 | D:1      | Reached XP level 1. HP: 19/19 MP: 1/1
   573 | D:1      | Reached XP level 2. HP: 26/26 MP: 2/2
  1713 | D:2      | Found a faded altar of an unknown god.
  1861 | D:2      | Reached XP level 3. HP: 30/33 MP: 3/3
  2122 | D:3      | Found a glowing silver altar of Zin.
  2149 | D:3      | Noticed Ijyb
  2170 | D:3      | Killed from afar by Ijyb

Illustrated notes

Levels and vault maps discovered:
D:1:      ldierk_water_garden, layout_basic, serial_glass, glass_columns_c,
          glass_columns_b, roderic_three_in_a_row
D:2:      layout_basic, chequers_ecumenical_altar_grove
D:3:      layout_basic, mainiacjoe_overflow_paths, cheibrodos_sewer_entry_bend,
          ebering_ghost_reflecting_pool, grunt_decor_arrowhead, uniq_ijyb

Skill      XL: |  1  2 |
---------------+-------+-----
Dodging        | 3 |  3.0
Fighting       | |  3.9
Maces & Flails | |  3.9

Action                   || total
-------------------------++-------
Melee: Mace              ||   100
       Tailslap          ||     8
  Use: Scroll            ||     3
       Potion            ||     2
Armor: Skin              ||    27
Dodge: Dodged            ||    79

Table legend: (Time is in decaauts)
 A = Elapsed time spent in this place.
 B = Non-inter-level travel time spent in this place.
 C = Inter-level travel time spent in this place.
 D = Time resting spent in this place.
 E = Time spent auto-exploring this place.
 F = Levels seen in this place.
 G = Mean time per level.
                   A        B        C        D        E       F      G
               +--------+--------+--------+--------+--------+-----+--------+
         Total |   2194 |   2000 |    194 |    155 |   1511 |   3 |  731.3 |
       Dungeon |   2194 |   2000 |    194 |    155 |   1511 |   3 |  731.3 |
               +--------+--------+--------+--------+--------+-----+--------+

Top non-repeatable levels by time:
     D:2: 1293 daAuts
     D:1: 822 daAuts
     D:3: 78 daAuts
